 Dungeon Crawl Stone Soup version 0.28-a0-1613-gdaab1c2f9b (webtiles) character file.

Game seed: 4427784691662614480

186 parzival7114810 the Chopper (level 5, -8/46 HPs)
             Began as a Hill Orc Fighter on Jan 21, 2022.
             Mangled by an iguana (10 damage)
             ... on level 4 of the Dungeon.
             The game lasted 00:08:51 (4456 turns).

parzival7114810 the Chopper (Hill Orc Fighter)      Turns: 4456, Time: 00:08:52

Health: -8/46      AC:  9    Str: 21    XL:     5   Next: 66%
Magic:  5/5        EV:  7    Int:  8    God:
Gold:   134        SH:  4    Dex: 10    Spells: 4/4 levels left

rFire   + + .      SeeInvis .   a - +1 war axe
rCold   + . .      Faith    +   c - +0 buckler
rNeg    . . .      Spirit   .   h - +0 chain mail {rC+}
rPois   +          Reflect  .   (no helmet)
rElec   .          Harm     .   (no cloak)
rCorr   .          Rampage  .   (no gloves)
Will    .....                   (no boots)
Stlth   ..........              f - amulet of faith
HPRegen 0.15/turn               m - ring of protection from fire
MPRegen 0.09/turn               (no ring)

@: mighty
A: fire resistance 1, sense surroundings 1, poison resistance, subdued magic 1
a: no special abilities


You were on level 4 of the Dungeon.
You visited 1 branch of the dungeon, and saw 4 of its levels.

You collected 134 gold pieces.

Inventory:

Hand Weapons
 a - a +1 war axe (weapon)
Armour
 b - a +0 scale mail
 c - a +0 buckler (worn)
 h - a +0 chain mail of cold resistance (worn)
Jewellery
 f - an amulet of faith (around neck)
 m - a ring of protection from fire (left hand)
Scrolls
 l - a scroll of identify
Potions
 e - 2 potions of cancellation
 g - a potion of ambrosia
 i - a potion of berserk rage
 j - 2 potions of lignification
 n - 2 potions of haste {unknown}


   Skills:
 + Level 4.1 Fighting
 + Level 5.5 Axes
 + Level 4.0 Armour
 + Level 0.6 Dodging
 + Level 0.5 Stealth
 + Level 4.0 Shields


You had 4 spell levels left.
You didn't know any spells.
Your spell library contained the following spells:

 Spells                   Type           Power      Damage    Failure   Level
 Gell's Gravitas          Tloc           0%         N/A       100%        3
 Lesser Beckoning         Tloc           0%         N/A       100%        3
 Teleport Other           Tloc           0%         N/A       100%        3


Dungeon Overview and Level Annotations

Branches:
Dungeon (4/15)
 Temple: D:4-7

Altars:
Qazlal
Zin

Shops:
D:1 !


Innate Abilities, Weirdness & Mutations

Your flesh is heat resistant. (rF+)
You passively map a small area around you.
Your system is resistant to poisons. (rPois)
Your spells are a little easier to cast, but a little less powerful.


Message History

You are more confused.
Something hits you but does no damage.
Items here: )) [ ††.
Something hits you but does no damage.
You barely miss something. Something hits you but does no damage.
You barely miss something. Something hits you but does no damage.
You completely miss something. Something hits you.
Something hits you but does no damage.
You're too confused to move!
Something hits you but does no damage.
An iguana comes into view.
You feel less confused.
The iguana hisses angrily.
You see here a jackal corpse.
You slash something! Something hits you but does no damage.
You slash something!
Reactivating autopickup.
You feel a bit more experienced.
You feel your strength returning. You block the iguana's attack.
Things that are here:
a +0 dagger; a +0 robe; an orc corpse
Found 10 arrows.
You feel better. You block the iguana's attack.
You slash the iguana!
The iguana is heavily wounded.
The iguana bites you but does no damage.
You barely miss the iguana.
The iguana is heavily wounded.
The iguana bites you!
* * * LOW HITPOINT WARNING * * *
You hit the iguana.
The iguana is heavily wounded.
The iguana barely misses you. The iguana bites you!
* * * LOW HITPOINT WARNING * * *
You feel very mighty all of a sudden. The iguana closely misses you.
You closely miss the iguana.
The iguana is heavily wounded.
The iguana bites you!
You die...

#.....# ..#####.
#.....######<.....
#........#......## ,
#................##
#.................#
#.......†)........# *
#######.......).).......# *
#...##....))...l).........
#..............@.......... ,
#..†###...................**
#...# #.#.................
#...# #.##.....#....$..##.
###.# #...######.....?..#
#.# ###. * ##........ #.# ##
....(. * #.# * * , ......
###.###### , , ,, ,


You could see an iguana.

Vanquished Creatures
  A centaur zombie (D:4)
  An orc wizard (D:4)
  4 adders (D:3)
  An adder skeleton (D:4)
  2 dart slugs
  6 orcs
  7 ball pythons
  9 endoplasms
  5 giant cockroaches
  8 goblins
  3 hobgoblins
  7 jackals
  4 quokkas
  6 bats
  3 frilled lizards
  6 kobolds
  3 rats
76 creatures vanquished.

Notes
Turn   | Place    | Note
-------+----------+-------------------------------------------
     0 | D:1      | parzival7114810 the Hill Orc Fighter began the quest for
                  | the Orb.
     0 | D:1      | Reached XP level 1. HP: 19/19 MP: 1/1
    92 | D:1      | Reached XP level 2. HP: 26/27 MP: 2/2
   119 | D:1      | Found Diyc's Distillery.
   201 | D:1      | Gained mutation: Your spells are a little easier to cast,
                  | but a little less powerful. [potion of mutation]
   201 | D:1      | Gained mutation: You passively map a small area around you.
                  | [potion of mutation]
   201 | D:1      | Gained mutation: Your system is resistant to poisons.
                  | (rPois) [potion of mutation]
   201 | D:1      | Gained mutation: Your flesh is heat resistant. (rF+)
                  | [potion of mutation]
   681 | D:1      | Reached skill level 3 in Axes
   717 | D:1      | Reached XP level 3. HP: 30/33 MP: 3/3
  1028 | D:2      | Found a glowing silver altar of Zin.
  1841 | D:2      | Found a faded altar of an unknown god.
  2944 | D:3      | Reached XP level 4. HP: 33/40 MP: 4/4
  3955 | D:3      | Reached skill level 4 in Axes
  4029 | D:3      | Found a stormy altar of Qazlal.
  4410 | D:4      | Reached XP level 5. HP: 46/46 MP: 5/5
  4416 | D:4      | Reached skill level 5 in Axes
  4454 | D:4      | HP: 2/46 [iguana (9)]
  4456 | D:4      | Mangled by an iguana

Illustrated notes

Levels and vault maps discovered:
D:1:      matt_arrival_refuge, layout_loops_ring, serial_shops, shop
D:2:      layout_basic, ebering_ecumenical_altar_ruins, basic_altar
D:3:      minmay_wonky_spiral, layout_basic, mainiacjoe_overflow_tiny_flanked
D:4:      layout_rooms, nicolae_tso_besieged_by_evil, ashenzari_altar_1,
          serial_shops, shop_statue

Skill      XL: |  1  2  3  4  5 |
---------------+----------------+-----
Axes           | 3 4 5 |  5.5
Fighting       | 4 |  4.1
Armour         | 4 |  4.0
Shields        | 4 |  4.0
Dodging        | |  0.6
Stealth        | |  0.5

Action                   |  1- 3 |  4- 6 || total
-------------------------+-------+-------++-------
Melee: War axe           |   110 |    93 ||   203
  Use: Potion            |     4 |     3 ||     7
       Scroll            |     7 |       ||     7
Armor: Scale mail        |   105 |     7 ||   112
       Chain mail        |       |   106 ||   106
Dodge: Dodged            |   109 |    59 ||   168
Block: Buckler           |    42 |    25 ||    67

Table legend: (Time is in decaauts)
 A = Elapsed time spent in this place.
 B = Non-inter-level travel time spent in this place.
 C = Inter-level travel time spent in this place.
 D = Time resting spent in this place.
 E = Time spent auto-exploring this place.
 F = Levels seen in this place.
 G = Mean time per level.
                   A        B        C        D        E       F      G
               +--------+--------+--------+--------+--------+-----+--------+
         Total |   4537 |   4384 |    153 |   1801 |   1734 |   4 | 1134.2 |
       Dungeon |   4537 |   4384 |    153 |   1801 |   1734 |   4 | 1134.2 |
               +--------+--------+--------+--------+--------+-----+--------+

Top non-repeatable levels by time:
     D:3: 1935 daAuts
     D:2: 1537 daAuts
     D:1: 963 daAuts
     D:4: 101 daAuts
